 Dungeon Crawl Stone Soup version 0.29.1-14-g9c671dbff4 (webtiles) character file.

Game seed: 11915170691103138835

63 protoss039 the Digger (level 3, -7/27 HPs)
             Began as a Demonspawn Earth Elementalist on Feb 18, 2023.
             Mangled by Sigmund
             ... wielding a +4 scythe
              (11 damage)
             ... on level 2 of the Dungeon.
             The game lasted 00:01:49 (1719 turns).

protoss039 the Digger (DsEE)                        Turns: 1719, Time: 00:01:50

Health: -7/27      AC:  4    Str:  8    XL:     3   Next: 87%
Magic:  2/7        EV: 12    Int: 18    God:
Gold:   92         SH:  0    Dex: 13    Spells: 4/7 levels left

rFire   + . .      SeeInvis .   m - +3 mace
rCold   . . .      Faith    .   (no shield)
rNeg    . . .      Spirit   .   a - +0 robe
rPois   .          Reflect  .   (no helmet)
rElec   .          Harm     .   (no cloak)
rCorr   .          Rampage  .   (no gloves)
Will    .....                   (no boots)
Stlth   ++........              (no amulet)
HPRegen 0.09/turn               l - ring of protection from fire
MPRegen 0.10/turn               (no ring)

@: no status effects
A: claws 1, slimy green scales 1
a: no special abilities


You were on level 2 of the Dungeon.
You visited 1 branch of the dungeon, and saw 2 of its levels.

You collected 92 gold pieces.

Inventory:

Hand Weapons
 m - a +3 mace (weapon)
Armour
 a - a +0 robe (worn)
Jewellery
 l - a ring of protection from fire (left claw)
Scrolls
 c - 2 scrolls of identify {unknown}
 d - a scroll of vulnerability {unknown}
 e - 2 scrolls of enchant weapon {unknown}
 h - a scroll of noise {unknown}
 n - a scroll of immolation {unknown}
Potions
 b - 2 potions of magic
 f - a potion of mutation {unknown}
 g - a potion of flight {unknown}
 i - a potion of lignification {unknown}
 j - a potion of resistance {unknown}
 k - a potion of curing {unknown}


   Skills:
 + Level 1.8 Fighting
 - Level 1.7 Dodging
 - Level 1.7 Stealth
 + Level 2.8 Spellcasting
 - Level 0.8 Transmutations
 + Level 3.3 Earth Magic


You had 4 spell levels left.
You knew the following spells:

 Your Spells              Type           Power      Damage    Failure   Level
a - Sandblast             Erth           28%        2d8       4%          1
b - Passwall              Tmut/Erth      8%         N/A       11%         2

Your spell library contained the following spells:

 Spells                   Type           Power      Damage    Failure   Level
 Stone Arrow              Conj/Erth      16%        3d8       26%         3
 Petrify                  Tmut/Erth      10%        N/A       56%         4


Dungeon Overview and Level Annotations

Branches:
Dungeon (2/15) Zot: 10258

Altars:
Ru

Annotations:
D:2 Sigmund


Innate Abilities, Weirdness & Mutations

You have sharp fingernails.
You are partially covered in slimy green scales. (AC +2)


Message History

n - a scroll labelled KARHEA XOWKIG
b - 2 potions of magic (gained 1)
You see here a +0 scale mail.
Sigmund the Dreaded comes into view.
He is wielding a +4 scythe.
Sigmund shouts!
Sigmund moves out of view.
Sigmund gestures wildly while chanting.
Sigmund flickers and vanishes!
Deactivating autopickup; reactivate with Ctrl-A.
There is a strange disturbance nearby!
There is a strange disturbance nearby!
Casting: Sandblast (safe; 4% risk of failure)
Confirm with . or Enter, or press ? or * to list all spells.
Aiming: Sandblast (safe; 4% risk of failure)
Press: ? - help, Shift-Dir - straight line The blast of sand hits something!
Casting: Sandblast (safe; 4% risk of failure)
Confirm with . or Enter, or press ? or * to list all spells.
Aiming: Sandblast (safe; 4% risk of failure)
Press: ? - help, Shift-Dir - straight line The blast of sand hits something.
Something hits you!
Casting: Sandblast (safe; 4% risk of failure)
Confirm with . or Enter, or press ? or * to list all spells.
Aiming: Sandblast (safe; 4% risk of failure)
Press: ? - help, Shift-Dir - straight line The blast of sand hits something but does no damage.
Something hits you.
Casting: Sandblast (safe; 4% risk of failure)
Confirm with . or Enter, or press ? or * to list all spells.
Aiming: Sandblast (safe; 4% risk of failure)
Press: ? - help, Shift-Dir - straight line The blast of sand hits something.
Something hits you!
* * * LOW HITPOINT WARNING * * *
Unknown command.
Casting: Sandblast (safe; 4% risk of failure)
Confirm with . or Enter, or press ? or * to list all spells.
Aiming: Sandblast (safe; 4% risk of failure)
Press: ? - help, Shift-Dir - straight line Something hits you!
You die...

####. #.##.## #.##....#
#.......# #.......# ##
##.#.#..# ..
####.#.#..## #.#.##
#..[.......###
.#.....####.##...#......
.......@.##.###..#.#.###
.#.#...#.##.# #..#.#...#
#.###.##.# #..#.#.##. #
#.##.# #......... #.##.#
##.###.##. #....# #.#
#.... ###### #.######.
#......#. #########


There were no monsters in sight!

Vanquished Creatures
  3 adders (D:2)
  2 endoplasms
  A giant cockroach (D:2)
  3 goblins
  3 hobgoblins (D:2)
  3 jackals (D:1)
  2 quokkas (D:1)
  4 ball pythons
  7 bats
  3 frilled lizards (D:1)
  4 rats
35 creatures vanquished.

Notes
Turn   | Place    | Note
-------+----------+-------------------------------------------
     0 | D:1      | protoss039 the Demonspawn Earth Elementalist began the
                  | quest for the Orb.
     0 | D:1      | Reached XP level 1. HP: 13/13 MP: 3/3
   250 | D:1      | Found a faded altar of an unknown god.
   416 | D:1      | Gained mutation: You have sharp fingernails. [demonic
                  | ancestry]
   416 | D:1      | Reached XP level 2. HP: 20/20 MP: 5/5
   563 | D:1      | Reached skill level 1 in Fighting
   649 | D:1      | Reached skill level 3 in Earth Magic
  1028 | D:1      | Learned a level 2 spell: Passwall
  1248 | D:2      | Gained mutation: You are partially covered in slimy green
                  | scales. (AC +2) [demonic ancestry]
  1248 | D:2      | Reached XP level 3. HP: 25/26 MP: 6/6
  1300 | D:2      | Found a sacrificial altar of Ru.
  1712 | D:2      | Noticed Sigmund
  1719 | D:2      | Mangled by Sigmund

Illustrated notes

Levels and vault maps discovered:
D:1:      onia_arrival_pentagram, layout_basic,
          hellmonk_ecumenical_altar_lost_god, nrook_loot_triangle
D:2:      layout_basic, basic_altar, uniq_sigmund

Skill      XL: |  1  2 |
---------------+-------+-----
Fighting       | 1 |  1.8
Earth Magic    | 3 |  3.3
Dodging        | |  1.7
Stealth        | |  1.7
Spellcasting   | |  2.8
Transmutations | |  0.8

Action                   || total
-------------------------++-------
Melee: Dagger            ||     9
       Spear             ||    48
 Cast: Sandblast         ||    37
 Stab: Sleeping          ||     3
Armor: Robe              ||    17
Dodge: Dodged            ||    50
